 Dungeon Crawl Stone Soup version 0.21.1-1-g345015f (webtiles) character file.

132 Merlin the Cudgeler (level 4, -2/35 HPs)
             Began as a Demonspawn Chaos Knight on July 7, 2018.
             Slain by Grinder (6 damage)
             ... on level 3 of the Dungeon.
             The game lasted 00:12:05 (1430 turns).

Merlin the Cudgeler (Demonspawn Chaos Knight)       Turns: 1430, Time: 00:12:07

Health: -2/35      AC:  5    Str: 16    XL:     4   Next: 92%
Magic:  4/4        EV: 11    Int: 14    God:    Xom [..*...]
Gold:   142        SH:  0    Dex: 13    Spells: 3/3 levels left

rFire    + . .     SeeInvis .   j - +4 rapier "Ybuegor" {freeze, *Noise +Rage Str+4}
rCold    x . .     Gourm    .   (no shield)
rNeg     . . .     Faith    .   b - +2 leather armour
rPois    .         Spirit   .   (helmet restricted)
rElec    .         Reflect  .   (no cloak)
rCorr    .         Harm     .   (no gloves)
MR       .....                  (no boots)
Stlth    +.........             (no amulet)
HPRegen  0.11/turn              e - ring of fire
MPRegen  0.09/turn              f - ring of wizardry

@: cleaving
A: antennae 2, spiny 1
a: Renounce Religion, Evoke Berserk Rage


You were on level 3 of the Dungeon.
You worshipped Xom.
You were a toy of Xom.
You were not hungry.

You visited 1 branch of the dungeon, and saw 3 of its levels.

You collected 142 gold pieces.

Inventory:

Hand Weapons
 a - a +0 mace of chaos
 j - the +4 rapier "Ybuegor" (weapon) {freeze, *Noise +Rage Str+4}
   (Xom gifted it to you on level 1 of the Dungeon)

   It has been specially enchanted to freeze those struck by it, causing extra
   injury to most foes and up to half again as much damage against particularly
   susceptible opponents.
   It can also slow down cold-blooded creatures.
   It affects your strength (+4).
   It lets you go berserk.
   It may make noises in combat.
 q - a +5 spear
Missiles
 k - 18 poisoned needles
 m - 7 needles of frenzy
Armour
 b - a +2 leather armour (worn)
Jewellery
 e - a ring of fire (left hand)
 f - a ring of wizardry (right hand)
Scrolls
 d - a scroll of identify
 h - a scroll of noise {unknown}
 l - 2 scrolls of teleportation {unknown}
 o - a scroll of remove curse
 s - a scroll of fog {unknown}
Potions
 g - a potion of heal wounds {unknown}
 n - a potion of flight
 p - a potion of agility {unknown}
 t - 2 potions of degeneration {unknown}
Comestibles
 c - 3 rations
 r - a chunk of flesh


   Skills:
 + Level 3.4 Fighting
 + Level 1.0 Short Blades
 + Level 4.1 Maces & Flails
 + Level 2.5 Armour
 + Level 1.4 Dodging
 + Level 0.2 Stealth


You had 3 spell levels left.
You didn't know any spells.

Dungeon Overview and Level Annotations

Branches:
Dungeon (3/15)

Altars:
Uskayaw

Annotations:
D:3 Grinder


Innate Abilities, Weirdness & Mutations

You have a pair of antennae on your head.
You are partially covered in sharp spines.


Message History

You feel better. Grinder hits you.
* * * LOW HITPOINT WARNING * * *
The kobold throws a stone.
The stone hits you.
* * * LOW HITPOINT WARNING * * *
You feel better. Grinder gestures at you. Pain shoots through your body!
* * * LOW HITPOINT WARNING * * *
The kobold throws a stone.
The stone closely misses you.
You closely miss Grinder.
Grinder is lightly wounded.
Grinder says, "At least Makhleb appreciates what I'm doing."
Grinder hits you but does no damage.
You hit Grinder.
Grinder is lightly wounded.
You hear Xom's maniacal laughter.
You feel uncomfortably cold. Grinder is struck by your spines.
Grinder barely misses you. Grinder is struck by your spines. Grinder hits you.
You die...
Xom bursts into laughter!

..... .... ...###
##..# #....# #..#
#.##.###.#
##.#........####
....>...##..)..#
###.###..#..###.#
....###K...##
#K#######
.....###....#
#§@§§..?#
......##..#?#
##§5§...#
......#...#.#
##.§...#
...o)...#.# .
!....#
......)##.# .
.(...#
......###.# ##
##..... ......#
#.# .....
.....####.###
.....
.....###....#


You could see Grinder and a kobold.

Vanquished Creatures
  3 adders
  A gnoll (D:2)
  An ooze (D:3)
  A dart slug (D:2)
  2 orcs (D:3)
  2 giant cockroaches (D:1)
  9 goblins
  8 hobgoblins
  2 jackals (D:2)
  A ball python (D:3)
  5 bats
  6 frilled lizards
  3 kobolds
  6 rats
50 creatures vanquished.

Vanquished Creatures (collateral kills)
  6 gnolls (D:2)
  A worm (D:2)
7 creatures vanquished.

Grand Total: 57 creatures vanquished

Notes
Turn   | Place    | Note
-------+----------+-------------------------------------------
     0 | D:1      | Merlin the Demonspawn Chaos Knight began the quest for the Orb.
     0 | D:1      | Reached XP level 1. HP: 18/18 MP: 1/1
   197 | D:1      | Gained mutation: You are partially covered in sharp spines. [demonic ancestry]
   197 | D:1      | Reached XP level 2. HP: 24/24 MP: 2/2
   230 | D:1      | Reached skill level 3 in Maces & Flails
   413 | D:1      | XOM: harmless Pois miscast
   501 | D:1      | XOM: god gift: fine rapier {god gift}
   504 | D:1      | Got a fine rapier {god gift}
   505 | D:1      | Identified the +4 rapier "Ybuegor" {freeze, *Noise +Rage Str+4} (Xom gifted it to you on level 1 of the Dungeon)
   568 | D:2      | XOM: 1-stop teleportation journey
   635 | D:2      | Gained mutation: You have a pair of small antennae on your head. [demonic ancestry]
   635 | D:2      | Reached XP level 3. HP: 29/29 MP: 3/3
   726 | D:2      | Reached skill level 1 in Dodging
   799 | D:2      | Gained mutation: You have a pair of antennae on your head. [demonic ancestry]
   799 | D:2      | Reached XP level 4. HP: 17/35 MP: 4/4
   840 | D:2      | Reached skill level 4 in Maces & Flails
  1190 | D:2      | Found a hide-covered altar of Uskayaw.
  1365 | D:3      | Reached skill level 1 in Short Blades
  1418 | D:3      | Noticed Grinder
  1418 | D:3      | XOM: cleaving
  1423 | D:3      | Paralysed by Grinder for 4 turns
  1424 | D:3      | XOM: fog
  1430 | D:3      | XOM: harmless Ice miscast
  1430 | D:3      | Slain by Grinder

Skill      XL: |  1  2  3  4 |
---------------+-------------+-----
Maces & Flails | 3 4 |  4.1
Armour         | 2 |  2.5
Dodging        | 1 |  1.4
Short Blades   | 1 |  1.0
Fighting       | |  3.4
Stealth        | |  0.2

Action                   |  1- 3 |  4- 6 || total
-------------------------+-------+-------++-------
Melee: Mace              |    24 |       ||    24
       Rapier            |    20 |    42 ||    62
  Use: Potion            |     2 |     2 ||     4
       Scroll            |     2 |       ||     2
 Stab: Distracted        |       |     1 ||     1
       Sleeping          |       |     1 ||     1
  Eat: Ration            |       |     1 ||     1
Armor: Leather armour    |    14 |    13 ||    27
Dodge: Dodged            |    25 |    21 ||    46
